 Dungeon Crawl Stone Soup version 0.15.0-13-gb296d5c (webtiles) character file.

2863 Nebuchadnezzar the Cruncher (level 9, -14/48 HPs)
             Began as a Gargoyle Gladiator on Sept 3, 2014.
             Was a Follower of Okawaru.
             Demolished by an orc knight
             ... wielding a +0 broad axe
              (19 damage)
             ... in a bailey.
             The game lasted 00:26:51 (7816 turns).

Nebuchadnezzar the Cruncher (Gargoyle Gladiator)    Turns: 7816, Time: 00:26:52

HP -14/48        AC 22     Str 22      XL: 9   Next: 75%
MP   8/9         EV  8     Int  9      God: Okawaru [*.....]
Gold 909         SH  0     Dex 10      Spells:  0 memorised,  8 levels left

rFire  + . .     SeeInvis .     M - +2 quarterstaff (crush)
rCold  . . .     Clarity  .     s - +0 chain mail
rNeg   + + .     rCorr    .     (no shield)
rPois  +         rRot     +     C - +0 helmet
rElec  +         Spirit   .     p - +0 cloak
SustAb .         Warding  .     (no gloves)
rMut   .         Stasis   .     (no boots)
Gourm  +                        y - amulet of the gourmand
MR     .....                    F - ring of positive energy
                                m - ring of protection from fire

@: heroism, not resistant to hostile enchantments, extremely unstealthy
A: negative energy resistance 1, electricity resistance, unbreathing,
petrification resistance, rot immunity, AC +5
a: Heroism, Renounce Religion


You were in a bailey.
You worshipped Okawaru.
Okawaru was aware of your devotion.
You were not hungry.

You visited 2 branches of the dungeon, and saw 8 of its levels.
You also visited: Bailey.

You collected 909 gold pieces.

Inventory:

Hand weapons
 a - a +1 quarterstaff
 o - a +3 quarterstaff of chaos
 I - a +0 shortbow
 M - a +2 quarterstaff of crushing (weapon)
Missiles
 d - a throwing net (quivered)
 e - 112 arrows
 h - 72 bolts
 x - 29 poisoned needles
 J - 16 arrows of frost
Armour
 c - a +0 helmet
 p - a +0 cloak (worn)
 s - a +0 chain mail (worn)
 C - a +0 helmet (worn)
Magical devices
 B - a wand of disintegration (1)
 E - a wand of teleportation (5)
 K - a wand of draining (3)
Comestibles
 f - 4 bread rations
 g - a slice of pizza
 q - a beef jerky
 v - 5 meat rations
 H - a royal jelly
Scrolls
 l - 2 scrolls of enchant weapon
 n - 4 scrolls of remove curse
 t - 3 scrolls of teleportation
Jewellery
 m - a ring of protection from fire (left hand)
 y - an amulet of the gourmand (around neck)
 F - a ring of positive energy (right hand)
Potions
 i - 2 potions of heal wounds
 j - 2 potions of brilliance
 k - a potion of lignification
 r - a potion of restore abilities
 u - 2 potions of haste
 w - a potion of cancellation
 z - a potion of berserk rage
 A - a potion of curing {unknown}
 G - a potion of confusion {unknown}
 L - 2 potions of flight
Books
 b - a book of Conjurations

   Spells                             Type                      Level
   Magic Dart                         Conjuration                  1
   Searing Ray                        Conjuration                  2
   Dazzling Spray                     Conjuration/Hexes            3
   Fulminant Prism                    Conjuration/Hexes            4
   Iskenderun's Mystic Blast          Conjuration                  4
   Iskenderun's Battlesphere          Conjuration/Charms           5
 D - Jessica's Guide on Necromancy
   (You found it on level 3 of the Dungeon)

   Spells                             Type                      Level
   Animate Skeleton                   Necromancy                   1
   Pain                               Necromancy                   1


   Skills:
 - Level 2.1(7.1) Fighting
 - Level 10.0(15.0) Staves
 + Level 2.1(7.1) Bows
 - Level 2.0(7.0) Throwing
 * Level 9.4(14.4) Armour
 - Level 2.4(7.4) Dodging


You had 8 spell levels left.
You didn't know any spells.

Dungeon Overview and Level Annotations

Branches:
Dungeon (7/15)             Temple (1/1) D:6

Altars:
Ashenzari
Cheibriados
Dithmenos
Fedhas
Kikubaaqudgha
Nemelex Xobeh
Okawaru
Sif Muna
Trog
Yredelemnul
Zin
The Shining One

Shops:
D:5 %


Innate Abilities, Weirdness & Mutations

You are resistant to torment.
You are immune to poison.
Your stone body is very resilient (AC +5).
You resist negative energy.
You are resistant to electric shocks.
You can survive without breathing.
You are immune to petrification.
You are immune to rotting.


Message History

The orc knight hits you but does no damage.
You hit the orc knight.
The orc knight is severely wounded.
You barely miss the orc knight.
The orc knight is severely wounded.
The orc knight hits you but does no damage.
You hit the orc knight but do no damage.
The orc knight is severely wounded.
You hit the orc knight.
The orc knight is almost dead.
The orc knight hits you with a broad axe!
* * * LOW HITPOINT WARNING * * *
You hit the orc knight.
The orc knight is almost dead.
You hit the orc knight.
The orc knight is almost dead.
You completely miss the orc knight.
The orc knight is almost dead.
The orc knight hits you with a broad axe!!
You die...

####......∩..##
####.............#
###........≈≈≈≈≈≈≈≈≈##
##.....(.≈≈≈≈≈≈≈≈≈≈≈≈≈≈##
##.....(≈≈≈≈≈#########≈≈≈≈###
###...(≈≈≈≈≈≈≈(#.g.....#(≈≈≈≈≈#
###≈≈≈≈≈≈≈≈≈%)####.......####≈≈≈≈
≈≈≈≈≈≈≈≈.)((..#..####'####..#(≈≈≈
≈≈≈≈≈#....).###.@o..........# #.≈
#######.....#['..####'####..' #..
##...)..(###(.# ... #..
#.....⌠)..(#..# ....# #..
##...(.(...#)## ....######..
##..))....).(#########.......
####.......................#
#############.###########
#...........#


You could see an orc knight.

Vanquished Creatures
  Prince Ribbit (Temple)
  A hill giant zombie (D:5)
  A hungry ghost (D:3)
  A water moccasin (D:5)
  An ice beast (D:7)
  5 orc warriors (Bailey)
  A sky beast (D:5)
  A necrophage (D:5)
  2 ogres
  A phantom (D:4)
  A centaur (D:5)
  Blork the orc (D:4)
  2 giant frogs (D:6)
  3 killer bees
  3 wights (D:5)
  A goliath beetle (D:6)
  A giant frog zombie (D:6)
  3 hounds
  A crimson imp (D:6)
  2 orc priests
  Crazy Yiuf (D:3)
  2 orc wizards
  A jelly (D:6)
  An iguana (D:4)
  5 worker ants
  Ijyb (D:3)
  Jessica (D:3)
  Terence (D:3)
  A gnoll (D:6)
  5 adders
  2 giant mites
  4 worms
  An orc zombie (D:5)
  4 giant geckos
  An ooze (D:3)
  12 orcs
  3 ball pythons
  9 bats
  3 giant cockroaches
  17 hobgoblins
  7 jackals
  3 giant newts
  17 goblins
  A goblin zombie (D:5)
  20 kobolds
  4 quokkas
  A quokka skeleton (D:6)
  8 rats
169 creatures vanquished.

Notes
Turn   | Place    | Note
--------------------------------------------------------------
     0 | D:1      | Nebuchadnezzar, the Gargoyle Gladiator, began the quest for the Orb.
     0 | D:1      | Reached XP level 1. HP: 12/12 MP: 1/1
    65 | D:1      | Reached XP level 2. HP: 14/17 MP: 2/2
   514 | D:1      | Reached skill level 4 in Staves
   826 | D:2      | Reached XP level 3. HP: 21/21 MP: 3/3
  1200 | D:2      | Found a glowing golden altar of the Shining One.
  1274 | D:2      | Reached XP level 4. HP: 26/26 MP: 4/4
  1475 | D:3      | Noticed a hungry ghost
  1530 | D:3      | Killed a hungry ghost
  1530 | D:3      | Reached skill level 6 in Staves
  1530 | D:3      | Reached XP level 5. HP: 16/30 MP: 5/5
  1764 | D:3      | Noticed Terence
  1775 | D:3      | Killed Terence
  1793 | D:3      | Noticed Crazy Yiuf
  1801 | D:3      | Killed Crazy Yiuf
  1801 | D:3      | Reached XP level 6. HP: 35/35 MP: 6/6
  2184 | D:3      | Reached skill level 7 in Staves
  2514 | D:3      | Noticed Ijyb
  2560 | D:3      | Noticed Jessica
  2578 | D:3      | Killed Jessica
  2596 | D:3      | Identified Jessica's Guide on Necromancy
  2640 | D:3      | Killed Ijyb
  2974 | D:4      | Reached XP level 7. HP: 18/40 MP: 7/7
  3157 | D:4      | Reached skill level 8 in Staves
  3232 | D:4      | Noticed Blork the orc
  3242 | D:4      | Killed Blork the orc
  3615 | D:4      | Reached skill level 9 in Staves
  3962 | D:5      | Entered Level 5 of the Dungeon
  3996 | D:5      | Reached XP level 8. HP: 35/44 MP: 8/8
  4334 | D:5      | Reached skill level 10 in Staves
  5016 | D:5      | Found a bloodstained altar of Trog.
  5016 | D:5      | Found an ancient bone altar of Kikubaaqudgha.
  5154 | D:5      | Found a glowing silver altar of Zin.
  5284 | D:5      | Reached skill level 5 in Armour
  5361 | D:5      | Found Zaiwuw's Food Emporium.
  5690 | D:6      | Reached XP level 9. HP: 42/48 MP: 9/9
  5816 | D:6      | Found a staircase to the Ecumenical Temple.
  5826 | D:6      | Noticed Prince Ribbit
  5871 | Temple   | Entered the Ecumenical Temple
  5884 | Temple   | Became a worshipper of Warmaster Okawaru
  5907 | Temple   | Killed Prince Ribbit
  6348 | D:6      | Found a snail-covered altar of Cheibriados.
  6537 | D:6      | Acquired Okawaru's first power
  6882 | D:7      | Found a flagged portal.
  6892 | Bailey   | Entered a bailey
  6898 | Bailey   | Noticed an orc knight
  7173 | Bailey   | Reached skill level 1 in Bows
  7816 | Bailey   | Demolished by an orc knight

Action                   |  1- 3 |  4- 6 |  7- 9 || total
-------------------------+-------+-------+-------++-------
Melee: Quarterstaff      |   119 |   213 |   410 ||   742
 Fire: Shortbow          |       |       |    51 ||    51
Throw: Throwing net      |     3 |     2 |     3 ||     8
Invok: Heroism           |       |       |     1 ||     1
Evoke: Wand              |       |     1 |    14 ||    15
  Use: Scroll            |       |     9 |    10 ||    19
       Potion            |       |     1 |     2 ||     3
 Stab: Held in net/web   |     1 |     1 |     3 ||     5
  Eat: Chunk             |     1 |    17 |    10 ||    28
       Fruit             |       |     2 |       ||     2
       Royal jelly       |       |     1 |       ||     1
